Map: Deathaura LE

Players

A.I. 1 (Very Easy)

  • Race: Zerg Zerg
  • Spawn Location: 5:00

rottenorange - Winner!

  • Race: Zerg Zerg
  • League: Bronze
  • Spawn Location: 11:00

VOD

Have the link to the VOD?

Description

Time

  • Played on: Oct. 8, 2020, 2:54 p.m.
  • Length: 29:39
Show
View Real Time Build Order
Export as new Build Order

A.I. 1 (Very Easy) Zerg 

Build Orders: Pool First 

Get SALT Encoding   

  12  0:00  Drone  
  13  0:12  Overlord  
  13  0:16  Drone  
  14  0:36  Spawning Pool  
  14  0:37  Extractor  
  14  0:39  Drone  
  13  0:46  Drone  
  14  0:51  Overlord  
  14  1:22  Queen  
  14  1:23  Zergling x2  
  17  1:30  Roach Warren  
  16  1:33  Drone  
  16  1:37  Extractor  
  16  1:41  Drone  
  16  1:43  Zergling x2  
  18  1:55  Drone  
  19  2:04  Zergling x2  
  19  2:06  Drone  
  21  2:16  Drone  
  22  2:27  Drone  
  22  2:29  Overlord  
  23  2:34  Drone  
  24  2:41  Drone  
  25  4:38  Zergling x2  
  25  6:01  Roach  
  25  6:02  Overlord, Drone, Lair  
  28  6:09  Drone  
  29  6:16  Drone  
  30  6:23  Drone  
  31  6:30  Drone  
  32  6:38  Drone  
  33  6:44  Roach  
  32  6:59  Overseer  
  32  7:00  Overseer  
  32  7:13  Hatchery  
  31  7:27  Roach  
  33  8:07  Roach  
  31  8:26  Queen  
  28  8:28  Drone  
  26  8:34  Extractor  
  26  8:35  Drone  
  26  8:36  Roach  
  26  8:38  Extractor  
  27  8:42  Drone  
  28  8:49  Drone  
  29  8:57  Drone  
  30  9:04  Drone  
  30  9:05  Roach  
  33  9:11  Drone  
  34  9:18  Drone  
  35  9:25  Drone  
  36  9:32  Drone  
  37  9:39  Drone  
  38  9:47  Drone, Zergling x2  
  40  9:54  Drone  
  41  10:01  Drone  
  42  10:08  Drone  
  43  10:15  Drone  
  43  10:22  Drone  
  43  10:24  Overlord  
  38  10:29  Drone  
  38  10:30  Queen  
  38  10:31  Zergling x2  
  27  10:37  Drone  
  25  10:44  Drone  
  25  10:51  Drone  
  26  10:58  Drone  
  26  10:59  Zergling x2  
  28  11:06  Drone  
  28  11:13  Drone  
  29  11:20  Drone  
  29  11:23  Queen  
  29  11:27  Drone  
  29  11:29  Overseer  
  20  11:37  Drone, Roach  
  20  11:44  Drone  
  20  11:48  Infestation Pit  
  20  11:52  Drone  
  20  11:59  Pneumatized Carapace, Drone  
  21  12:06  Roach  
  23  12:16  Drone  
  24  12:29  Zergling x2  
  25  12:32  Drone  
  26  12:39  Drone  
  27  12:47  Drone  
  27  12:48  Hatchery  
  27  12:52  Infestor  
  27  12:54  Drone  
  29  13:02  Drone  
  29  13:10  Drone  
  30  13:16  Infestor  
  30  13:18  Drone, Queen  
  17  13:27  Drone  
  18  13:38  Drone  
  19  13:45  Roach  
  21  13:59  Drone  
  21  14:02  Spawning Pool  
  21  14:06  Drone  
  22  14:13  Drone  
  22  14:14  Roach  
  25  14:21  Drone  
  26  14:28  Drone  
  27  14:35  Drone  
  28  14:42  Drone  
  28  14:43  Roach  
  28  14:49  Drone  
  28  14:51  Queen  
  27  14:57  Drone  
  18  15:04  Drone  
  18  15:06  Infestor  
  20  15:11  Drone  
  21  15:18  Drone  
  20  15:26  Drone  
  21  15:30  Infestor  
  21  15:33  Drone  
  24  15:39  Queen  
  24  15:40  Drone  
  25  15:47  Drone  
  26  15:54  Infestor  
  26  15:55  Drone  
  27  16:02  Drone  
  28  16:09  Drone  
  29  16:17  Drone  
  27  16:19  Hive  
  27  16:23  Zergling x2  
  27  16:24  Drone  
  26  16:32  Drone  
  27  16:34  Hydralisk Den  
  27  16:39  Drone  
  27  16:40  Queen  
  27  16:46  Drone  
  28  16:52  Roach  
  28  16:53  Drone  
  31  17:00  Drone  
  32  17:08  Drone  
  34  17:15  Drone, Hydralisk  
  36  17:23  Drone  
  37  17:30  Drone  
  37  17:34  Ultralisk Cavern  
  37  17:37  Drone  
  38  17:44  Drone  
  38  17:45  Zergling x2  
  37  17:51  Drone  
  38  17:59  Drone  
  38  18:01  Overlord  
  38  18:06  Drone  
  38  18:09  Hydralisk  
  37  18:14  Drone  
  29  18:23  Drone  
  19  18:30  Drone  
  11  18:34  Ultralisk  
  11  18:36  Hatchery  
  11  18:38  Drone  
  11  18:39  Overlord  
  17  18:45  Drone  
  15  18:59  Spawning Pool  
  8  19:35  Drone  
  9  19:43  Drone  
  10  19:47  Lair  
  10  19:49  Queen  
  10  19:51  Drone  
  13  19:58  Drone  
  14  20:04  Overlord  
  14  20:05  Drone  
  15  20:15  Drone  
  16  20:22  Drone, Zergling x2  
  17  20:30  Drone  
  17  20:33  Roach Warren  
  17  20:37  Drone  
  17  20:41  Overlord  
  18  20:46  Drone  
  18  20:47  Overseer  
  19  20:51  Hydralisk Den  
  19  20:53  Drone  
  19  21:00  Drone  
  20  21:07  Drone  
  20  21:11  Overlord  
  21  21:13  Roach  
  21  21:14  Drone  
  24  21:22  Drone  
  27  21:25  Roach  
  27  21:34  Overlord  
  27  21:38  Roach  
  29  21:50  Roach  
  29  21:52  Drone  
  32  21:56  Overseer, Overlord  
  32  22:00  Drone  
  33  22:01  Hydralisk  
  33  22:05  Infestation Pit  
  34  22:08  Drone  
  34  22:13  Hydralisk  
  37  22:16  Drone  
  37  22:19  Overlord  
  36  22:23  Drone  
  36  22:26  Roach  
  39  22:30  Drone  
  40  22:37  Drone  
  40  22:41  Infestor  
  43  22:45  Drone  
  42  22:52  Drone  
  42  22:53  Hydralisk  
  42  22:54  Overlord  
  43  22:59  Drone  
  44  23:06  Drone, Roach  
  47  23:14  Drone  
  47  23:16  Overlord  
  48  23:21  Drone  
  48  23:23  Hydralisk  
  49  23:28  Drone  
  50  23:35  Drone  
  50  23:37  Overlord  
  51  23:43  Drone  
  42  23:56  Drone, Roach  
  33  24:04  Drone  
  23  24:11  Drone  
Show
View Real Time Build Order
Export as new Build Order

rottenorange Zerg - Winner!

Build Orders: Hatch First 

Get SALT Encoding   

  12  0:11  Drone  
  13  0:14  Overlord  
  13  0:36  Drone x3  
  16  0:51  Drone  
  17  1:04  Drone  
  18  1:20  Hatchery  
  17  1:27  Drone  
  18  1:36  Extractor  
  17  1:45  Drone x2, Spawning Pool  
  17  1:46  Drone  
  19  2:02  Drone  
  19  2:08  Overlord  
  20  2:48  Drone x2  
  20  2:50  Drone x3  
  25  3:01  Metabolic Boost  
  25  3:41  Lair  
  25  3:53  Zergling x6  
  28  3:57  Overlord x3  
  28  4:19  Zergling x4  
  28  4:21  Queen  
  32  4:26  Zergling x4  
  32  4:29  Zergling x2  
  35  5:35  Queen  
  37  5:53  Drone x4  
  37  5:54  Drone x2  
  43  6:28  Overseer  
  43  6:31  Overseer  
  43  6:43  Queen  
  43  6:59  Drone x3  
  43  7:00  Drone x3  
  49  7:04  Zergling x6  
  52  7:09  Overlord x2  
  52  7:10  Overlord  
  52  7:27  Queen  
  52  7:29  Extractor  
  53  8:01  Extractor  
  44  8:36  Zergling x2  
  44  8:37  Zergling x24  
  54  9:12  Evolution Chamber  
  54  9:13  Evolution Chamber  
  52  9:20  Zergling x2  
  52  9:21  Zergling x10  
  58  9:34  Roach Warren  
  57  9:43  Zerg Missile Weapons Level 1  
  57  9:47  Zerg Ground Armor Level 1  
  54  10:36  Drone x7  
  54  10:38  Overlord x5  
  54  10:41  Roach x7  
  74  11:03  Roach  
  84  11:04  Roach x4  
  84  11:07  Roach, Zergling x2  
  84  11:08  Roach x2  
  90  12:23  Roach  
  90  12:24  Roach x4  
  90  12:29  Zerg Missile Weapons Level 2  
  100  12:30  Zerg Ground Armor Level 2  
  100  12:39  Glial Reconstitution  
  100  12:55  Hydralisk Den  
  100  12:58  Overlord x4  
  99  13:00  Roach  
  99  13:01  Roach x5  
  99  13:03  Roach x2  
  114  13:05  Overlord  
  114  13:06  Overlord x2  
  111  13:53  Grooved Spines  
  111  13:59  Hydralisk  
  111  14:00  Hydralisk x7  
  127  14:03  Hydralisk x6  
  127  14:04  Hydralisk  
  141  14:37  Hatchery  
  139  14:47  Extractor  
  139  14:50  Extractor  
  135  15:26  Zerg Melee Weapons Level 1  
  135  15:28  Muscular Augments  
  135  16:07  Drone  
  135  16:08  Drone  
  137  16:16  Drone  
  137  16:17  Drone x17  
  137  16:18  Drone x7  
  160  16:58  Hatchery  
  159  17:31  Extractor  
  159  17:34  Extractor  
  157  17:50  Zerg Melee Weapons Level 2  
  157  17:54  Pneumatized Carapace  
  155  18:00  Overseer x5  
  155  19:48  Queen  
  157  20:27  Hatchery  
  156  23:07  Queen  
  156  23:11  Overlord x3  
  158  23:16  Hydralisk x14  
  158  23:17  Hydralisk x2  
  184  24:27  Extractor  
  183  24:37  Extractor  
Tags
 
League
Bronze
Matchup
ZvZ
Race
Zerg
Replay Pack
replays
Spawn Locations
Cross Positions
Add a new tag
Caveats
  • Supply blocks, unpowered buildings, or Contaminate may cause inaccurate times.
  • Supply counts are checked every 10 seconds.